 Dungeon Crawl Stone Soup version 0.30-a0-2-gf48d83f5e2 (webtiles) character file.

Game seed: 830835876718786666

62 KleinerIrrer the Gusty (level 3, -1/26 HPs)
             Began as a Demigod Air Elementalist on Aug 19, 2022.
             Slain by an orc
             ... wielding a +0 falchion
              (3 damage)
             ... on level 3 of the Dungeon.
             The game lasted 00:04:22 (2065 turns).

KleinerIrrer the Gusty (Demigod Air Elementalist)   Turns: 2065, Time: 00:04:23

Health: -1/26      AC:  4    Str: 14    XL:     3   Next: 60%
Magic:  8/8        EV: 12    Int: 21    God:
Gold:   98         SH:  0    Dex: 14    Spells: 5/6 levels left

rFire   + + .      SeeInvis .    n - +5 spear of Uncomfortable Rashes {vamp, rF++ Str+5}
rCold   . . .      Faith    .    (no shield)
rNeg    . . .      Spirit   .    a - +0 robe
rPois   .          Reflect  .    l - +0 helmet
rElec   .          Harm     .    (no cloak)
rCorr   .          Rampage  .    s - +0 pair of gloves
Will    .....                    (no boots)
Stlth   ++........               (no amulet)
HPRegen 0.08/turn                (no ring)
MPRegen 0.11/turn                (no ring)

@: no status effects
A: high MP 1, forlorn, divine attributes
a: no special abilities


You were on level 3 of the Dungeon.
You visited 1 branch of the dungeon, and saw 3 of its levels.

You collected 98 gold pieces.

Inventory:

Hand Weapons
 j - a +0 spear
 n - the +5 spear of Uncomfortable Rashes (weapon) {vamp, rF++ Str+5}
   (You found it on level 2 of the Dungeon)

   It occasionally heals its wielder for a portion of the damage dealt when it
   wounds a living foe.
   Str:       It affects your strength (+5).
   rF:        It greatly protects you from fire.
Armour
 a - a +0 robe (worn)
 l - a +0 helmet (worn)
 s - a +0 pair of gloves (worn)
Wands
 q - a wand of flame (24)
Scrolls
 c - 4 scrolls of identify {unknown}
 d - 3 scrolls of immolation {unknown}
 e - a scroll of enchant armour {unknown}
 f - a scroll of fear {unknown}
 g - 2 scrolls of enchant weapon {unknown}
 i - 2 scrolls of blinking {unknown}
 o - 2 scrolls of vulnerability {unknown}
Potions
 b - 4 potions of magic
 h - 2 potions of curing {unknown}
 k - 2 potions of haste {unknown}
 m - a potion of heal wounds {unknown}
 p - a potion of lignification {unknown}
 r - a potion of might {unknown}


   Skills:
 - Level 1.7 Dodging
 - Level 1.7 Stealth
 + Level 2.1 Spellcasting
 - Level 0.8 Conjurations
 + Level 4.1 Air Magic


You had 5 spell levels left.
You knew the following spells:

 Your Spells              Type           Power      Damage    Failure   Level
a - Shock                 Conj/Air       48%        1d6       5%          1

Your spell library contained the following spells:

 Spells                   Type           Power      Damage    Failure   Level
 Static Discharge         Conj/Air       12%        3-5/arc   8%          2
 Swiftness                Air            19%        N/A       8%          3
 Airstrike                Air            9%         2d(2-18)  26%         4
 Animate Dead             Necr           2%         N/A       82%         4
 Haunt                    Necr/Summ      1%         N/A       100%        7
 Infestation              Necr           1%         N/A       100%        8


Dungeon Overview and Level Annotations

Branches:
Dungeon (3/15)

Annotations:
D:3 Natasha


Innate Abilities, Weirdness & Mutations

You have an increased reservoir of magic. (+10% MP)
You shall have no god before yourself.
Your divine heritage dramatically boosts your attributes as you level up.


Message History

Ouch! That really hurt!
You are too injured to fight recklessly!
You are too injured to fight recklessly!
Unknown command.
Found 10 gold pieces.
You see here a +0 whip.
An orc comes into view. It is wielding a +0 falchion.
The orc shouts!
A bat comes into view.
An orc comes into view. It is wielding a +0 club.
The orc shouts!
You are too injured to fight recklessly!
You hit the orc.
You feel better.
The orc is almost dead.
The orc hits you with a +0 short sword.
An orc wizard comes into view. It is wielding a +2 dagger of speed.
You hit the orc.
You kill the orc!
The orc priest looks braver for a moment.
Natasha, Servant of Life and Death comes into view.
She is carrying a wand of roots (2).
The orc closely misses you.
You hit the orc but do no damage.
Natasha mumbles some strange words.
You feel disoriented. The orc barely misses you.
You puncture the orc priest!
The orc priest is heavily wounded.
The orc priest invokes the aid of Beogh against you.
Beogh smites you!
* * * LOW HITPOINT WARNING * * *
The orc barely misses you. The orc closely misses you.
You hear a shout!
Okay, then.
You hit the orc priest.
The orc priest is severely wounded.
The orc priest invokes the aid of Beogh against you.
Pain shoots through your body!
* * * LOW HITPOINT WARNING * * *
The orc hits you with a +0 falchion.
You die...

#...# #.# #.
#..†# #.# #.
###...# #.# ##
#.....######.####
#.#.............o
#.#..####†..$...o
#.#..# #.#.#####
#.#... #)#o##
#.#.### #.o@.#
..#.# #..o..#
..... .........#
##..#.#o.....#
#.#....#.# #### .
....##.# #... #
.#.$.. . #.##
.#..... ..


You could see an orc priest, an orc wizard and 2 orcs.

Vanquished Creatures
  2 worms
  4 dart slugs
  An orc (D:3)
  3 endoplasms
  3 giant cockroaches
  5 goblins
  4 hobgoblins
  3 quokkas
  3 ball pythons
  5 bats
  4 frilled lizards
  5 kobolds
  2 rats
44 creatures vanquished.

Notes
Turn   | Place    | Note
-------+----------+-------------------------------------------
     0 | D:1      | KleinerIrrer the Demigod Air Elementalist began the quest
                  | for the Orb.
     0 | D:1      | Reached XP level 1. HP: 14/14 MP: 5/5
   229 | D:1      | Reached skill level 3 in Air Magic
   405 | D:1      | Reached XP level 2. HP: 20/20 MP: 4/7
  1390 | D:2      | Reached XP level 3. HP: 25/26 MP: 4/8
  1450 | D:2      | Identified the +5 spear of Uncomfortable Rashes {vamp, rF++
                  | Str+5}
  1507 | D:2      | Reached skill level 4 in Air Magic
  2062 | D:3      | Noticed Natasha
  2065 | D:3      | Slain by an orc

Illustrated notes

Levels and vault maps discovered:
D:1:      eino_arrival_cavern_a, layout_loops_ring,
          hellmonk_ecumenical_altar_run_dry, minmay_pentomino_r2
D:2:      layout_loops_ring, basic_altar, wander_ebering_terrifying_dragon_lair
D:3:      layout_loops_ring, uniq_natasha

Skill      XL: |  1  2  3 |
---------------+----------+-----
Air Magic      | 3 4 |  4.1
Spellcasting   | 2 |  2.1
Dodging        | |  1.7
Stealth        | |  1.7
Conjurations   | |  0.8

Action                   || total
-------------------------++-------
Melee: Spear             ||    69
       Dagger            ||     4
 Cast: Shock             ||    46
 Stab: Sleeping          ||     6
Armor: Robe              ||    18
Dodge: Dodged            ||    38

Table legend: (Time is in decaauts)
 A = Elapsed time spent in this place.
 B = Non-inter-level travel time spent in this place.
 C = Inter-level travel time spent in this place.
 D = Time resting spent in this place.
 E = Time spent auto-exploring this place.
 F = Levels seen in this place.
 G = Mean time per level.
                   A        B        C        D        E       F      G
               +--------+--------+--------+--------+--------+-----+--------+
         Total |   2068 |   1989 |     79 |      3 |   1697 |   3 |  689.3 |
       Dungeon |   2068 |   1989 |     79 |      3 |   1697 |   3 |  689.3 |
               +--------+--------+--------+--------+--------+-----+--------+

Top non-repeatable levels by time:
     D:1: 1014 daAuts
     D:2: 802 daAuts
     D:3: 251 daAuts
